[Event "Titled Tuesday Blitz February 14 Early 2023"]
[White "Ibadov, Dashgyn"]
[Black "Barp, Alberto"]
[WhiteFideId "24107514"]
[BlackFideId "872555"]
[WhiteElo "2391"]
[BlackElo "2432"]
[Result "0-1"]
[Round "05"]
[TimeControl "180+2"]
[Date "2023.02.15"]
[WhiteClock "0:00:44"]
[BlackClock "0:01:30"]

1. e4 c5 2. Nc3 a6 3. d4 cxd4 4. Qxd4 Nc6 5. Qd2 e6 6. b3 Nf6 7. Bb2 d5 8. O-O-O d4 9. Nce2 Nxe4 10. Qf4 Qg5 11. Qxg5 Nxg5 12. Nxd4 Bd7 13. Ngf3 Ne4 14. Re1 Nxf2 15. Rg1 Ng4 16. h3 Nf6 17. g4 Bc5 18. g5 Nh5 19. Rg4 O-O 20. Nxc6 Bxc6 21. Ne5 Rac8 22. Rh4 Ng3 23. Bd3 Nf5 24. Rf4 Be3+ 25. Rxe3 Nxe3 26. h4 Bb5 27. Be4 Rfd8 28. Nd3 Rxc2+ 29. Kb1 Bxd3 0-1


[Site "https://www.chess.com"]

[Event "Titled Tuesday Blitz February 14 Early 2023"]
[White "Srihari L R"]
[Black "Ordekalog"]
[WhiteFideId "46617116"]
[WhiteElo "2416"]
[BlackElo "2544"]
[Result "1-0"]
[Round "05"]
[TimeControl "180+2"]
[Date "2023.02.15"]
[WhiteClock "0:00:59"]
[BlackClock "0:00:02"]

1. c4 e6 2. Nc3 d5 3. d4 c5 4. cxd5 exd5 5. Nf3 Nc6 6. dxc5 d4 7. Na4 Bxc5 8. Nxc5 Qa5+ 9. Qd2 Qxc5 10. e3 dxe3 11. Qxe3+ Qxe3+ 12. Bxe3 Nf6 13. Bc5 Ne4 14. Ba3 Be6 15. Bd3 Bd5 16. O-O O-O-O 17. Rac1 Rhe8 18. Rfd1 f6 19. b3 Kb8 20. Bf1 g5 21. Nd4 Nxd4 22. Rxd4 Bc6 23. Rxd8+ Rxd8 24. f3 Nd6 25. Bb2 Ne8 26. Bc3 h5 27. Re1 h4 28. Re6 Rd1 29. Kf2 Kc8 30. Re1 Rxe1 31. Bxe1 Kd7 32. Bc3 Ke6 33. g3 hxg3+ 34. hxg3 f5 35. Bd2 g4 36. fxg4 fxg4 37. Ke3 Nf6 38. Kf4 Bf3 39. Bd3 Nd5+ 40. Kg5 Ke5 41. Bf5 Kd4 42. Bxg4 Bxg4 43. Kxg4 Kd3 44. Be1 Kc2 45. Kf5 Kb2 46. Ke5 Ne3 47. Ke4 Ng4 48. Kf4 Nf6 49. Kf5 Nd5 50. Ke6 Ne3 51. Bf2 Nf1 52. g4 Nh2 53. g5 Nf3 54. g6 Ng5+ 55. Kf5 1-0


[Site "https://www.chess.com"]

[Event "Titled Tuesday Blitz February 14 Early 2023"]
[White "Kumala, Aleksander"]
[Black "Zahid, Sanatan"]
[WhiteFideId "1141880"]
[BlackFideId "10201963"]
[WhiteElo "2165"]
[BlackElo "1930"]
[Result "0-1"]
[Round "05"]
[TimeControl "180+2"]
[Date "2023.02.15"]
[WhiteClock "0:00:43"]
[BlackClock "0:02:30"]

1. d4 Nf6 2. Bg5 b6 3. Nd2 Bb7 4. Ngf3 e6 5. e4 h6 6. Bxf6 Qxf6 7. a4 a6 8. a5 b5 9. c4 bxc4 10. Bxc4 g6 11. Qb3 Bc8 12. e5 Qe7 13. Ne4 Bg7 14. g4 Nc6 15. h4 Rb8 16. Qc3 Bb7 17. Nc5 Nxd4 18. Nxb7 Nxf3+ 19. Qxf3 Qb4+ 20. Qc3 Qxc3+ 21. bxc3 Rxb7 22. Bxa6 Ra7 23. Bd3 Bxe5 24. Kd2 Ke7 25. a6 Rha8 26. h5 g5 27. f3 c5 28. Rhb1 d5 29. Bb5 Kd6 30. Ra2 c4 31. Rba1 f5 32. gxf5 exf5 33. Rd1 g4 34. fxg4 fxg4 35. Ke3 Kc5 36. Ra5 Bxc3 37. Ra3 Bb4 38. Ra2 Kxb5 39. Rxd5+ Bc5+ 40. Kf4 c3 41. Kxg4 Rxa6 42. Rc2 Kc4 43. Rxc5+ Kxc5 44. Rxc3+ Kd4 45. Rf3 Rg8+ 46. Kh4 Ra1 47. Rh3 Ke4 48. Rg3 Rh1+ 49. Rh3 Rxh3+ 50. Kxh3 Kf3 0-1


[Site "https://www.chess.com"]

[Event "Titled Tuesday Blitz February 14 Early 2023"]
[White "Erdogdu, Mert"]
[Black "Badelka, Olga"]
[WhiteFideId "6301495"]
[BlackFideId "13509926"]
[WhiteElo "2413"]
[BlackElo "2406"]
[Result "1-0"]
[Round "05"]
[TimeControl "180+2"]
[Date "2023.02.15"]
[WhiteClock "0:00:11"]
[BlackClock "0:00:02"]

1. e4 e5 2. Nf3 Nc6 3. Bc4 Bc5 4. d3 Nf6 5. O-O d6 6. c3 h6 7. a4 Bb6 8. Na3 a6 9. Nc2 Ne7 10. Be3 Bxe3 11. Nxe3 Ng6 12. a5 Qe7 13. Re1 Be6 14. Qb3 Bxc4 15. Qxc4 Qe6 16. Qxc7 O-O 17. Nf5 d5 18. Qd6 dxe4 19. dxe4 Rfd8 20. Qxe6 fxe6 21. Ne3 Nxe4 22. Nc4 Nc5 23. Nfxe5 Nxe5 24. Rxe5 Nb3 25. Rae1 Rac8 26. Nb6 Rc6 27. g3 Rd2 28. Na4 Kf7 29. R1e2 Rxe2 30. Rxe2 Nxa5 31. Re4 Nc4 32. b4 Nd6 33. Re3 b6 34. Nb2 Nb5 35. c4 Nd4 36. Nd3 Ke7 37. c5 a5 38. cxb6 Rxb6 39. bxa5 Ra6 40. Re4 Nb3 41. Nb4 Rxa5 42. Nc6+ Kf6 43. Nxa5 Nxa5 44. Kg2 Nc6 45. h4 Ne7 46. g4 Ng6 47. Kg3 e5 48. h5 Nf8 49. Ra4 Ne6 50. Ra6 Kf7 51. Ra5 Kf6 52. Rb5 Nf4 53. Rb6+ Kf7 54. Kf3 Ne6 55. Ke4 Ng5+ 56. Kxe5 Nh3 57. f4 Nf2 58. Rb7+ Kf8 59. Kf5 1-0


[Site "https://www.chess.com"]

[Event "Titled Tuesday Blitz February 14 Early 2023"]
[White "Zaragatski, Ilja"]
[Black "Wagh Suyog"]
[WhiteFideId "4655192"]
[BlackFideId "25071688"]
[WhiteElo "2472"]
[BlackElo "2313"]
[Result "0-1"]
[Round "05"]
[TimeControl "180+2"]
[Date "2023.02.15"]
[WhiteClock "0:00:05"]
[BlackClock "0:01:16"]

1. g3 e5 2. c4 Nf6 3. Bg2 c6 4. Nf3 e4 5. Nd4 d5 6. d3 exd3 7. Qxd3 c5 8. Nb5 a6 9. N5c3 d4 10. Nd5 Nc6 11. Bg5 Be7 12. Nxf6+ Bxf6 13. Bxc6+ bxc6 14. Bxf6 Qxf6 15. Qe4+ Kf8 16. O-O h5 17. h4 Bg4 18. Re1 Re8 19. Qd3 g5 20. Nd2 gxh4 21. Ne4 Qe5 22. f3 Bf5 23. e3 Bxe4 24. fxe4 Qxg3+ 25. Kh1 Qh3+ 26. Kg1 Rg8+ 27. Kf2 Qg2# 0-1


[Site "https://www.chess.com"]

[Event "Titled Tuesday Blitz February 14 Early 2023"]
[White "Derjabin, Ilja"]
[Black "Cherniaiev, Tykhon"]
[WhiteFideId "14104768"]
[BlackFideId "14182360"]
[WhiteElo "2333"]
[BlackElo "2330"]
[Result "1-0"]
[Round "05"]
[TimeControl "180+2"]
[Date "2023.02.15"]
[WhiteClock "0:00:15"]
[BlackClock "0:00:02"]

1. d4 Nf6 2. c4 e6 3. Nc3 d5 4. cxd5 exd5 5. Bg5 Be7 6. e3 O-O 7. Bd3 c5 8. Nge2 Nc6 9. dxc5 Be6 10. O-O Bxc5 11. Rc1 Be7 12. Nb5 h6 13. Bh4 Ne4 14. Bxe7 Qxe7 15. Nbd4 Rac8 16. Nxc6 bxc6 17. Bxe4 dxe4 18. Qa4 Qb7 19. b3 c5 20. Rc2 Rfd8 21. Rfc1 Bd7 22. Qa5 Bb5 23. Nf4 Rd7 24. h3 Qb6 25. Qa3 Rcd8 26. Qxc5 Qb8 27. g3 Bd3 28. Rc3 Qb7 29. Qe5 Re7 30. Qa5 Rde8 31. Rc7 Qb8 32. Rxe7 Rxe7 33. Qf5 Re8 34. Nd5 Qd8 35. Rc7 a5 36. Qxf7+ Kh8 37. Qxg7# 1-0


[Site "https://www.chess.com"]

[Event "Titled Tuesday Blitz February 14 Early 2023"]
[White "Sanchez, Robert"]
[Black "Starozhilov, Leonid"]
[WhiteFideId "2034360"]
[BlackFideId "14106752"]
[WhiteElo "1966"]
[BlackElo "2313"]
[Result "0-1"]
[Round "05"]
[TimeControl "180+2"]
[Date "2023.02.15"]
[WhiteClock "0:00:02"]
[BlackClock "0:00:07"]

1. e4 c5 2. Nf3 e6 3. d4 cxd4 4. Nxd4 Nc6 5. Nc3 Qc7 6. Ndb5 Qb8 7. g3 Bb4 8. a3 Bxc3+ 9. bxc3 Nf6 10. Nd6+ Ke7 11. Bf4 e5 12. Nf5+ Kf8 13. Be3 b6 14. Bc4 Ne7 15. Nd6 Qc7 16. Qd3 Bb7 17. Nxb7 Qxb7 18. f3 Rc8 19. O-O Qc6 20. Ba2 Qxc3 21. Qe2 Nc6 22. Rad1 Ke7 23. f4 h6 24. Rd3 Qa5 25. fxe5 Nxe5 26. Rd2 d6 27. Bd4 Rhf8 28. Rf5 g6 29. Bxe5 dxe5 30. Rxf6 Kxf6 0-1


[Site "https://www.chess.com"]

[Event "Titled Tuesday Blitz February 14 Early 2023"]
[White "Martinez Ramirez, Lennis"]
[Black "Zherebtsova, Alexandra"]
[WhiteFideId "3509079"]
[BlackFideId "24129518"]
[WhiteElo "2426"]
[BlackElo "2155"]
[Result "1-0"]
[Round "05"]
[TimeControl "180+2"]
[Date "2023.02.15"]
[WhiteClock "0:02:12"]
[BlackClock "0:00:12"]

1. c4 e5 2. Nc3 Nc6 3. g3 f5 4. Bg2 Nf6 5. Rb1 a5 6. d3 g6 7. a3 Bg7 8. b4 axb4 9. axb4 d6 10. b5 Ne7 11. Nf3 O-O 12. O-O Nd7 13. Bg5 h6 14. Bxe7 Qxe7 15. Nd5 Qd8 16. b6 Nxb6 17. Nxb6 cxb6 18. Ne1 Qc7 19. Nc2 Be6 20. Ne3 e4 21. dxe4 f4 22. Nd5 Bxd5 23. Qxd5+ Kh7 24. Rb5 Rac8 25. Rfb1 Qxc4 26. Rxb6 Qxd5 27. exd5 Rc7 28. Rxb7 Rff7 29. Rxc7 Rxc7 30. gxf4 Rc2 31. e3 g5 32. Be4+ 1-0


[Site "https://www.chess.com"]

[Event "Titled Tuesday Blitz February 14 Early 2023"]
[White "Jaracz, Pawel"]
[Black "Bon, Michael"]
[WhiteFideId "1102222"]
[BlackFideId "620696"]
[WhiteElo "2467"]
[BlackElo "2394"]
[Result "1-0"]
[Round "05"]
[TimeControl "180+2"]
[Date "2023.02.15"]
[WhiteClock "0:01:21"]
[BlackClock "0:00:01"]

1. d4 d5 2. c4 Nc6 3. Nf3 Bg4 4. cxd5 Bxf3 5. gxf3 Qxd5 6. e3 e5 7. Nc3 Bb4 8. a3 Bxc3+ 9. bxc3 Nf6 10. c4 Qd6 11. d5 Nb8 12. a4 Na6 13. Ba3 Nc5 14. Qc2 a5 15. Rb1 b6 16. Bh3 O-O 17. Rb5 Rfe8 18. O-O e4 19. f4 Nfd7 20. Kh1 Qh6 21. Bg2 f5 22. Rg1 Nd3 23. Bf1 N7c5 24. f3 Qh4 25. Rg3 exf3 26. Bxd3 Rxe3 27. Qc3 g6 28. Bb2 Qh6 29. Rxc5 bxc5 30. Qh8+ Kf7 31. Qf6+ Kg8 32. Bxf5 Re1+ 33. Rg1 1-0


[Site "https://www.chess.com"]

[Event "Titled Tuesday Blitz February 14 Early 2023"]
[White "Begunov, Konstantin"]
[Black "Boyer, Mahel"]
[WhiteFideId "4118510"]
[BlackFideId "45102422"]
[WhiteElo "2325"]
[BlackElo "2489"]
[Result "1/2-1/2"]
[Round "05"]
[TimeControl "180+2"]
[Date "2023.02.15"]
[WhiteClock "0:00:12"]
[BlackClock "0:00:10"]

1. d4 d6 2. e4 e5 3. Nf3 Nc6 4. Bc4 Nf6 5. Ng5 d5 6. exd5 Nxd4 7. d6 Ne6 8. Nxe6 Bxe6 9. Bxe6 fxe6 10. dxc7 Qxc7 11. O-O Bc5 12. Qe2 O-O 13. Nc3 Bd4 14. Ne4 Qc6 15. Ng3 e4 16. c3 Be5 17. Bg5 Rad8 18. Bxf6 gxf6 19. Nxe4 f5 20. Ng3 Bc7 21. Rfe1 e5 22. Rad1 e4 23. Rxd8 Bxd8 24. Qh5 Qg6 25. Qxg6+ hxg6 26. Rd1 Bb6 27. Rd7 Re8 28. Kf1 f4 29. Ne2 g5 30. Nd4 Re5 31. Rxb7 Rd5 32. Ke2 Bxd4 33. cxd4 Rxd4 34. Rxa7 Rc4 35. Kd2 Rd4+ 36. Ke2 Rc4 37. Kd2 g4 38. b3 Rd4+ 39. Ke2 Rd3 40. Ra4 f3+ 41. gxf3 gxf3+ 42. Ke1 e3 43. Rg4+ Kf7 44. fxe3 Rxe3+ 45. Kf2 Re2+ 46. Kxf3 Rxa2 47. Rg2 Ra5 48. Rb2 Rb5 49. b4 Ke6 50. Ke4 Kd6 51. Kd4 Kc6 52. Kc4 Rh5 53. b5+ Kb6 54. Kd4 Rh4+ 55. Ke3 Rh5 56. Kf4 Rh8 57. Kg3 Rg8+ 58. Kf3 Rh8 59. Kg2 Rg8+ 60. Kh1 Rh8 61. Rb3 Rh4 62. h3 Rh5 63. Kh2 Rxb5 64. Rxb5+ Kxb5 65. Kg3 Kc6 66. Kg4 Kd7 67. Kg5 Ke8 68. Kg6 Kf8 69. Kh7 Kf7 70. Kh6 Kf8 71. Kh7 Kf7 72. Kh6 Kf8 73. Kh7 1/2-1/2


[Site "https://www.chess.com"]

[Event "Titled Tuesday Blitz February 14 Early 2023"]
[White "Panesso Rivera, Henry"]
[Black "Loskutova, Viktoriya"]
[WhiteFideId "4402707"]
[BlackFideId "34166278"]
[WhiteElo "2342"]
[BlackElo "2153"]
[Result "1-0"]
[Round "05"]
[TimeControl "180+2"]
[Date "2023.02.15"]
[WhiteClock "0:00:15"]
[BlackClock "0:00:14"]

1. Nf3 Nf6 2. b3 d5 3. Bb2 e6 4. e3 c5 5. d4 Bd6 6. Bd3 O-O 7. Nbd2 b6 8. Qe2 Bb7 9. Ne5 Nbd7 10. f4 Ne4 11. Nxe4 dxe4 12. Bb5 Nf6 13. a4 Qc7 14. O-O a6 15. Bc4 Nd5 16. Kh1 f6 17. Ng4 f5 18. Ne5 Bxe5 19. dxe5 Rfd8 20. Rg1 Kh8 21. h3 Qe7 22. Qf2 Nc7 23. Qe2 Bc6 24. Qe1 b5 25. axb5 axb5 26. Rxa8 Rxa8 27. Be2 Nd5 28. Qd2 b4 29. Kh2 Qb7 30. g4 g6 31. gxf5 gxf5 32. Bc4 Rg8 33. Bxd5 Bxd5 34. Qf2 Qf7 35. Qh4 Rxg1 36. Kxg1 Qg8+ 37. Kf2 Qf8 38. Bc1 Kg8 39. Bd2 Qg7 40. Qd8+ Qf8 41. Qd7 Qf7 42. Qc8+ Qf8 43. Qc7 Kh8 44. Be1 Kg8 45. Ke2 Qh6 46. Qd8+ Kf7 47. Qd7+ Kg6 48. Qe8+ Kg7 49. Qe7+ Kg8 50. Bh4 Qh5+ 51. Kd2 Qf7 52. Qd8+ Kg7 53. Bf6+ Kh6 54. Bh8 Qg6 55. Qh4+ Qh5 56. Bg7+ Kg6 57. Qf6# 1-0


[Site "https://www.chess.com"]

[Event "Titled Tuesday Blitz February 14 Early 2023"]
[White "Vlassov, Nikolai"]
[Black "Mika, Tomasz"]
[WhiteFideId "4103360"]
[BlackFideId "1132970"]
[WhiteElo "2283"]
[BlackElo "2169"]
[Result "0-1"]
[Round "05"]
[TimeControl "180+2"]
[Date "2023.02.15"]
[WhiteClock "0:00:44"]
[BlackClock "0:00:04"]

1. e4 c6 2. d4 d5 3. e5 Bf5 4. Nf3 e6 5. Be2 c5 6. Be3 Nc6 7. dxc5 Bg4 8. Nbd2 Nge7 9. h3 Bxf3 10. Nxf3 Nf5 11. Qd2 Nxe3 12. Qxe3 Qa5+ 13. c3 Bxc5 14. Qg5 O-O 15. O-O h6 16. Qh5 Qb6 17. b4 Be7 18. a4 Rac8 19. a5 Qc7 20. Rfc1 a6 21. Bd3 Qd7 22. g4 d4 23. g5 dxc3 24. Be4 Nxe5 25. Nxe5 Qd4 26. Bxb7 Qxe5 27. Bxc8 Rxc8 28. Qg4 Bxg5 29. Re1 Qd5 30. b5 Qxb5 31. Rxe6 Qd7 32. Rxa6 Qxg4+ 33. hxg4 c2 34. Rb6 c1=Q+ 35. Rxc1 Rxc1+ 36. Kg2 Ra1 37. Rb8+ Kh7 38. Rb5 Bd2 39. Rb7 f6 40. f4 Bxa5 41. g5 hxg5 42. fxg5 Kg6 43. gxf6 gxf6 44. Rb8 Bc3 45. Rc8 Be5 46. Rg8+ Kf5 47. Rc8 Ra2+ 48. Kf3 Ra3+ 49. Kg2 Kg4 50. Rg8+ Kf4 51. Rh8 f5 52. Rh4+ Kg5 53. Rb4 Ra2+ 54. Kf3 Ra3+ 55. Kg2 f4 56. Rb5 Kf6 57. Rb7 Rg3+ 58. Kf2 Bd4+ 59. Kf1 Kf5 60. Rf7+ Ke4 61. Re7+ Kf3 62. Ke1 Rg1+ 63. Kd2 Be3+ 64. Kd3 Rd1+ 65. Kc2 Rd6 66. Re8 Kf2 67. Rd8 Rxd8 0-1


[Site "https://www.chess.com"]

[Event "Titled Tuesday Blitz February 14 Early 2023"]
[White "Parkhov, Yair"]
[Black "Skuhala, Barbara"]
[WhiteFideId "2813408"]
[BlackFideId "14605465"]
[WhiteElo "2505"]
[BlackElo "2153"]
[Result "1-0"]
[Round "05"]
[TimeControl "180+2"]
[Date "2023.02.15"]
[WhiteClock "0:01:32"]
[BlackClock "0:01:15"]

1. Nf3 Nf6 2. d4 d5 3. c4 e6 4. Nc3 c6 5. Bg5 Be7 6. e3 O-O 7. Qc2 Nbd7 8. Bd3 b6 9. cxd5 exd5 10. Ne5 Bb7 11. Nxd7 Qxd7 12. Bxf6 Bxf6 13. Bxh7+ Kh8 14. Bf5 Qd6 15. h4 Rae8 16. O-O-O b5 17. g4 a5 18. g5 Bd8 19. Ne2 a4 20. Nf4 Bc7 21. g6 Qf6 22. Nh5 Qd6 23. Rdg1 Re7 24. Qe2 c5 25. Nf6 fxg6 26. Bxg6 gxf6 27. Qh5+ Kg8 28. Bf7# 1-0


[Site "https://www.chess.com"]

[Event "Titled Tuesday Blitz February 14 Early 2023"]
[White "Sekar, B"]
[Black "Bortnyk, Olexandr"]
[WhiteFideId "5043743"]
[BlackFideId "14120828"]
[WhiteElo "2333"]
[BlackElo "2605"]
[Result "0-1"]
[Round "05"]
[TimeControl "180+2"]
[Date "2023.02.15"]
[WhiteClock "0:00:03"]
[BlackClock "0:01:23"]

1. e4 d6 2. d4 Nf6 3. Nc3 Nbd7 4. Nf3 e5 5. Bc4 Be7 6. O-O c6 7. a4 Qc7 8. h3 h6 9. Re1 O-O 10. Ba2 Re8 11. Be3 exd4 12. Bxd4 Bf8 13. Qd2 Ne5 14. Qf4 Nh5 15. Qe3 Be6 16. Nxe5 dxe5 17. Bxa7 c5 18. Nb5 Qa5 19. Bxe6 Rxe6 20. Bxc5 Bxc5 21. Qxc5 Nf4 22. Re3 Rg6 23. g3 Qd2 24. Rf1 Nxh3+ 25. Kg2 Nf4+ 26. Kg1 Rxa4 27. Qxe5 Nh3+ 28. Kg2 Nxf2 0-1


[Site "https://www.chess.com"]

[Event "Titled Tuesday Blitz February 14 Early 2023"]
[White "Petrovic, Aleksa"]
[Black "Durarbayli, Vasif"]
[WhiteFideId "967629"]
[BlackFideId "13402935"]
[WhiteElo "2332"]
[BlackElo "2627"]
[Result "0-1"]
[Round "05"]
[TimeControl "180+2"]
[Date "2023.02.15"]
[WhiteClock "0:00:03"]
[BlackClock "0:00:02"]

1. d4 Nf6 2. c4 e6 3. Nf3 c5 4. d5 exd5 5. cxd5 d6 6. Nc3 g6 7. Nd2 Bg7 8. e4 O-O 9. Be2 Na6 10. O-O Nc7 11. a4 b6 12. Nc4 Ba6 13. Bg5 Re8 14. Qc2 h6 15. Bf4 Bxc4 16. Bxc4 Nh5 17. Bd2 a6 18. Rae1 Qd7 19. Qd3 Kh7 20. Rb1 b5 21. axb5 axb5 22. Nxb5 Nf6 23. Nxc7 Qxc7 24. Rfe1 Ng4 25. Bb5 Reb8 26. Bc3 Ne5 27. Qe2 Ra2 28. f4 c4 29. Bxe5 Rxb5 30. Bxg7 Kxg7 31. e5 Rxd5 32. e6 fxe6 33. Qxe6 Rd2 34. Qe8 Ra7 35. f5 Qc5+ 36. Kh1 Qxf5 37. Rf1 Rf2 38. Rg1 Rf7 39. Rbe1 d5 40. Qe3 Rxb2 41. Qd4+ Qf6 42. Qxd5 c3 43. Re6 Qg5 44. Re5 Qd2 45. Qe4 c2 46. Re6 Qg5 47. Qd4+ Kh7 48. Qxb2 Qd2 49. Qe5 Qd1 50. Re8 Qxg1+ 51. Kxg1 c1=Q+ 52. Qe1 Qc5+ 53. Qe3 Qb5 54. Qd4 Qf1# 0-1


[Site "https://www.chess.com"]

[Event "Titled Tuesday Blitz February 14 Early 2023"]
[White "Sychev, Klementy"]
[Black "Girsh, Daniel"]
[WhiteFideId "4114060"]
[BlackFideId "30949190"]
[WhiteElo "2547"]
[BlackElo "2123"]
[Result "1-0"]
[Round "05"]
[TimeControl "180+2"]
[Date "2023.02.15"]
[WhiteClock "0:00:45"]
[BlackClock "0:01:10"]

1. e4 c5 2. Nf3 d6 3. d4 cxd4 4. Nxd4 Nf6 5. Nc3 a6 6. Bg5 e6 7. f4 h6 8. Bh4 Qb6 9. Qd2 Qxb2 10. Rb1 Qa3 11. Be2 Nc6 12. Nxc6 bxc6 13. e5 Nd5 14. Nxd5 cxd5 15. Rb3 Qa4 16. O-O Be7 17. Bxe7 Kxe7 18. exd6+ Kxd6 19. Qc3 Bd7 20. Rb6+ Ke7 21. Qc5+ Ke8 22. Rfb1 f6 23. Bh5+ g6 24. Bxg6+ Kd8 25. Rb8+ 1-0


[Site "https://www.chess.com"]

[Event "Titled Tuesday Blitz February 14 Early 2023"]
[White "Kuzmin, Roman"]
[Black "Pantsulaia, Levan"]
[WhiteFideId "44134932"]
[BlackFideId "13602071"]
[WhiteElo "2198"]
[BlackElo "2570"]
[Result "0-1"]
[Round "05"]
[TimeControl "180+2"]
[Date "2023.02.15"]
[WhiteClock "0:00:03"]
[BlackClock "0:00:30"]

1. e4 c5 2. Nf3 a6 3. c4 e6 4. d4 cxd4 5. Nxd4 Nf6 6. Bd3 Bc5 7. Nc2 d6 8. O-O Nc6 9. Nc3 O-O 10. Bg5 h6 11. Bh4 e5 12. b4 Ba7 13. Nd5 g5 14. Bg3 Nxd5 15. exd5 Ne7 16. Qh5 Kg7 17. h4 Nf5 18. Kh1 Qf6 19. c5 gxh4 20. Bh2 Qg5 21. Qe2 dxc5 22. bxc5 Bxc5 23. Qxe5+ f6 24. Qc7+ Be7 25. d6 Rf7 26. dxe7 Rxe7 27. Qf4 Be6 28. Rfe1 Rae8 29. Qxg5+ hxg5 30. Bd6 Nxd6 31. Nd4 Bd7 32. Red1 Ne4 33. Kg1 Nc5 34. Bf5 Kf7 35. Rac1 b6 36. a4 Bxa4 37. Rd2 Re1+ 38. Rxe1 Rxe1+ 39. Kh2 Rd1 40. Nf3 Rxd2 41. Nxd2 Bd7 42. Bc2 b5 43. Kg1 a5 44. Kf1 b4 45. Ke1 a4 46. Nc4 a3 47. Kd2 a2 0-1


[Site "https://www.chess.com"]

[Event "Titled Tuesday Blitz February 14 Early 2023"]
[White "Yuan, Qingyu"]
[Black "Shuvalov, Evgenij"]
[WhiteFideId "8609772"]
[BlackFideId "4187237"]
[WhiteElo "2373"]
[BlackElo "2038"]
[Result "1-0"]
[Round "05"]
[TimeControl "180+2"]
[Date "2023.02.15"]
[WhiteClock "0:00:04"]
[BlackClock "0:00:11"]

1. e4 e6 2. d4 d5 3. Nd2 c5 4. Ngf3 Nc6 5. exd5 exd5 6. Bb5 Qe7+ 7. Be2 Qc7 8. O-O Nf6 9. Re1 Be6 10. dxc5 Bxc5 11. Nb3 Bb6 12. c3 O-O 13. Nbd4 Bg4 14. Bg5 Ne4 15. Bh4 Rfe8 16. Bg3 Nxg3 17. hxg3 Re7 18. Nxc6 bxc6 19. Nd4 Bxe2 20. Rxe2 Bxd4 21. cxd4 Rae8 22. Rxe7 Qxe7 23. Rc1 Qb4 24. b3 h6 25. Qc2 Qxd4 26. Qxc6 Re6 27. Qc8+ Kh7 28. Qc2+ g6 29. Rd1 Qe5 30. Qc5 Ra6 31. a4 Qe2 32. Qxd5 Rf6 33. Rf1 h5 34. Qd4 Rb6 35. a5 Rxb3 36. Qxa7 Qe6 37. Ra1 Qf6 38. Re1 Ra3 39. Kh2 h4 40. Re7 hxg3+ 41. fxg3 Kg7 42. Qc5 Rxa5 43. Rxf7+ Qxf7 44. Qxa5 Qf6 45. Qc5 Qe6 46. Qd4+ Kf7 47. Qh4 Kg7 48. Qg5 Qd6 49. Qg4 Qf6 50. Qe4 Qd6 51. Qe3 Qf6 52. Qd3 Qe6 53. Qd4+ Kh7 54. Qf4 Qc6 55. Qe5 Qb6 56. g4 Qc6 57. Qe7+ Kg8 58. g5 Qc2 59. Qf6 Qd3 60. g3 Qc2+ 61. Kh3 Qb1 62. Qe6+ Kh7 63. Qf7+ Kh8 64. Qf6+ Kh7 65. Kg4 Qd1+ 66. Kf4 Qf1+ 67. Ke5 Qb5+ 68. Ke6 Qc6+ 69. Kf7 Qd5+ 70. Kf8 Qc5+ 71. Qe7+ Qxe7+ 72. Kxe7 Kg7 73. Ke6 Kg8 74. Kf6 Kf8 75. Kxg6 Kg8 76. g4 Kf8 77. Kh7 1-0


[Site "https://www.chess.com"]

[Event "Titled Tuesday Blitz February 14 Early 2023"]
[White "Yurasova, Daria"]
[Black "Baskakov, Egor"]
[WhiteFideId "34146919"]
[BlackFideId "24197866"]
[WhiteElo "2095"]
[BlackElo "2215"]
[Result "0-1"]
[Round "05"]
[TimeControl "180+2"]
[Date "2023.02.15"]
[WhiteClock "0:00:04"]
[BlackClock "0:00:20"]

1. d4 Nf6 2. Nf3 e6 3. c4 d5 4. g3 Be7 5. Bg2 O-O 6. O-O Ne4 7. Qc2 f5 8. b3 c6 9. Nc3 Bd7 10. Bf4 Be8 11. Rfd1 g5 12. Be3 Nd7 13. Ne1 Bg6 14. Nxe4 fxe4 15. Qd2 h6 16. f3 Nf6 17. Nc2 Qd7 18. Bf2 Bd6 19. h4 Nh5 20. hxg5 Nxg3 21. gxh6 Kh7 22. Ne3 Bf4 23. cxd5 exd5 24. b4 Rae8 25. Bxg3 Bxg3 26. Nf1 Bc7 27. b5 cxb5 28. Rac1 Bd6 29. a4 bxa4 30. Qa2 a3 31. Kh1 Qf5 32. Qb3 b6 33. Qb5 Bf4 34. Ra1 Qh5+ 35. Kg1 exf3 36. exf3 Re7 37. Rxa3 Rg8 38. Qb4 Rf7 39. Kf2 Re8 40. Qb2 Qh4+ 41. Kg1 Bf5 42. Raa1 Rg8 43. Qc2 Bxc2 0-1


[Site "https://www.chess.com"]

[Event "Titled Tuesday Blitz February 14 Early 2023"]
[White "Oro, Faustino"]
[Black "Novikov, Evgenij"]
[WhiteFideId "20000197"]
[BlackFideId "4125380"]
[WhiteElo "2269"]
[BlackElo "2276"]
[Result "0-1"]
[Round "05"]
[TimeControl "180+2"]
[Date "2023.02.15"]
[WhiteClock "0:00:18"]
[BlackClock "0:00:07"]

1. e4 c6 2. d4 d5 3. e5 Bf5 4. h4 h5 5. Bd3 Bxd3 6. Qxd3 e6 7. Nf3 c5 8. c3 Nc6 9. O-O Nge7 10. dxc5 Nf5 11. g3 Bxc5 12. Kg2 Qc7 13. Re1 O-O-O 14. Nbd2 Kb8 15. Nb3 Bb6 16. Bf4 Na5 17. Nxa5 Bxa5 18. b4 Bb6 19. a4 Qc4 20. Qxc4 dxc4 21. a5 Bc7 22. Rad1 b5 23. Ng5 Rhf8 24. Kf3 Kc8 25. Ne4 Rxd1 26. Rxd1 Rd8 27. Rxd8+ Kxd8 28. Nc5 Ne7 29. Ke4 Nd5 30. Bd2 Ke7 31. Kd4 f6 32. exf6+ gxf6 33. Ne4 f5 34. Ng5 Bd6 35. f4 Nf6 36. Be1 Ng4 37. Nf3 Kd7 38. Bd2 Nf6 39. Be1 Nd5 40. Bf2 Bf8 41. Ne5+ Kd6 42. Nf7+ Ke7 43. Ne5 Bg7 44. Kc5 Bxe5 45. fxe5 Nxc3 46. Be1 Nd5 47. Kxb5 c3 48. Kc4 c2 49. Bd2 Kd7 50. Kd3 Kc6 51. Kxc2 Kb5 52. Kb3 a6 53. Be1 Ne7 54. Bd2 Nc6 55. Bc3 Ne7 56. Ka3 Nd5 57. Bd2 Nc7 58. Kb3 Nd5 59. Bg5 Nxb4 60. Bd8 Nc6 61. Bc7 Nxa5+ 62. Kc3 Nc6 63. Kd3 a5 64. Bd6 a4 65. Ke3 Nb4 66. Kd4 a3 67. Kc3 a2 68. Kb2 Kc4 69. Be7 Nd3+ 70. Kxa2 Nf2 71. Kb2 Ne4 72. Kc2 Nxg3 73. Kd2 Kd4 74. Ke1 Kxe5 75. Bd8 Ne4 76. Ke2 f4 77. Kf3 Kf5 78. Bc7 e5 79. Bb8 Nf6 80. Bc7 e4+ 81. Kf2 Nd5 82. Kg2 f3+ 83. Kf2 Nxc7 0-1


[Site "https://www.chess.com"]

[Event "Titled Tuesday Blitz February 14 Early 2023"]
[White "Reprintsev, Alexander"]
[Black "EREBUNI91"]
[WhiteFideId "14100541"]
[WhiteElo "2253"]
[BlackElo "2719"]
[Result "1-0"]
[Round "05"]
[TimeControl "180+2"]
[Date "2023.02.15"]
[WhiteClock "0:00:14"]
[BlackClock "0:00:04"]

1. e4 c5 2. b3 d6 3. Bb2 Nf6 4. Bxf6 gxf6 5. Qh5 Nc6 6. Nc3 Bg7 7. f4 f5 8. Bc4 e6 9. exf5 d5 10. Bd3 Nb4 11. Nf3 Nxd3+ 12. cxd3 Qf6 13. O-O O-O 14. Rae1 d4 15. Ne4 Qxf5 16. Qxf5 exf5 17. Nxc5 b6 18. Na4 Be6 19. Rc1 Rac8 20. Kf2 Rfd8 21. Ne5 Kf8 22. Rfe1 Rxc1 23. Rxc1 Rc8 24. Rxc8+ Bxc8 25. Nc6 b5 26. Nc5 a6 27. Na7 Be6 28. Nxa6 Bd7 29. Nc5 Be8 30. Nc8 Bf6 31. Nd6 Bc6 32. Nxf5 h5 33. h3 Ke8 34. g4 hxg4 35. hxg4 Kd8 36. g5 Bh8 37. b4 Kc7 38. Nb3 Bd5 39. Nfxd4 Kb6 40. Ke3 Bg7 41. Nf5 Bf8 42. Nc5 Bxa2 43. d4 Kc6 44. Ke4 Bb1+ 45. Ke5 Bc2 46. d5+ Kc7 47. d6+ Kc6 48. d7 Kc7 49. d4 Bb1 50. d5 Bxc5 51. bxc5 b4 52. c6 Bxf5 53. Kxf5 b3 54. Kf6 Kd8 55. Ke5 Kc7 56. g6 fxg6 57. Ke6 b2 58. Ke7 1-0


[Site "https://www.chess.com"]